 Seeded DCSS version 0.29.0-13-gc9e81de378 (webtiles) character file.

Game seed: 905739011755388624 (custom seed)

33647 Iusername the Severer (level 13, 0/122 HPs)
             Began as a Minotaur Fighter on Sept 9, 2022.
             Was a High Priest of Makhleb.
             Slain by an 18-headed hydra (6 damage)
             ... on level 3 of the Lair of Beasts.
             The game lasted 00:29:52 (17305 turns).

Iusername the Severer (Minotaur Fighter)           Turns: 17305, Time: 00:29:53

Health: 0/122      AC: 29    Str: 35    XL:     13   Next: 37%
Magic:  0/9        EV:  9    Int:  7    God:    Makhleb [*****.]
Gold:   983        SH:  7    Dex: 17    Spells: 12/12 levels left

rFire   . . .      SeeInvis +   C - +6 hand axe of Rocofiuz {spect, *Noise Fly rPois SInv}
rCold   . . .      Faith    .   c - +0 buckler
rNeg    . . .      Spirit   +   X - +3 crystal plate armour
rPois   +          Reflect  .   W - +0 hat "Fegues" {Regen+ Str+4}
rElec   .          Harm     .   (no cloak)
rCorr   .          Rampage  .   H - +0 pair of gloves of Inquiry {Int+4}
Will    .....                   E - +0 pair of boots
Stlth   ..........              f - amulet of guardian spirit
HPRegen 1.10/turn               Q - +6 ring of dexterity
MPRegen 0.11/turn               Y - +6 ring of strength

@: mighty, marked, flying, studying Armour
A: horns 2, retaliatory headbutt, dopey 1, low MP 2
a: Renounce Religion, Minor Destruction, Lesser Servant of Makhleb, Major
Destruction, Greater Servant of Makhleb


You were on level 3 of the Lair of Beasts.
You worshipped Makhleb.
Makhleb was extremely pleased with you.
You visited 2 branches of the dungeon, and saw 15 of its levels.
You visited the Abyss 1 time.

You collected 983 gold pieces.

Inventory:

Hand Weapons
 C - the +6 hand axe of Rocofiuz (weapon) {spect, *Noise Fly rPois SInv}
   (You found it on level 4 of the Dungeon)

   When its wielder attacks, the weapon's spirit leaps out and strikes again.
   The spirit shares a part of any damage it takes with its wielder.
   rPois:     It protects you from poison.
   SInv:      It lets you see invisible.
   Fly:       It grants you flight.
   *Noise:    It may make noises in combat.
Missiles
 a - 11 javelins
 l - 8 boomerangs
 G - a throwing net
Armour
 c - a +0 buckler (worn)
 E - a +0 pair of boots (worn)
 H - the +0 pair of gloves of Inquiry (worn) {Int+4}
   (You found it on level 6 of the Dungeon)

   Int:       It affects your intelligence (+4).
 W - the +0 hat "Fegues" (worn) {Regen+ Str+4}
   (You found it on level 11 of the Dungeon)

   Str:       It affects your strength (+4).
   Regen:     It increases your rate of health regeneration.
 X - a +3 crystal plate armour (worn)
Jewellery
 f - an amulet of guardian spirit (around neck)
 j - a ring of resist corrosion
 n - an amulet of the acrobat
 Q - a +6 ring of dexterity (left hand)
 S - a +4 ring of evasion
 Y - a +6 ring of strength (right hand)
Wands
 q - a wand of mindburst (10) (quivered)
 z - a wand of paralysis (19)
 R - a wand of polymorph (3)
 T - a wand of iceblast (6)
 V - a wand of digging (2)
Scrolls
 h - a scroll of enchant armour
 k - 5 scrolls of fog
 o - 4 scrolls of vulnerability
 s - 2 scrolls of poison
 x - 3 scrolls of magic mapping
 A - 7 scrolls of teleportation
 B - a scroll of blinking
 D - 4 scrolls of noise
 J - a scroll of silence {unknown}
 K - 3 scrolls of immolation {unknown}
 M - a scroll of amnesia {unknown}
 O - a scroll of brand weapon {unknown}
 P - 3 scrolls of enchant weapon {unknown}
 U - a scroll of torment {unknown}
Potions
 b - a potion of attraction {unknown}
 d - a potion of might
 e - 4 potions of lignification {unknown}
 g - 3 potions of degeneration {unknown}
 i - 4 potions of mutation {unknown}
 m - a potion of heal wounds
 p - 4 potions of curing {unknown}
 r - a potion of flight {unknown}
 u - 2 potions of haste {unknown}
 v - 4 potions of brilliance
 w - 2 potions of resistance {unknown}
 F - 2 potions of magic {unknown}
 I - 2 potions of ambrosia {unknown}
 L - a potion of cancellation {unknown}


   Skills:
 + Level 13.6 Fighting
 + Level 16.7 Axes
 - Level 15.0 Armour
 + Level 3.9 Dodging
 + Level 5.2 Stealth
 + Level 11.8 Shields
 + Level 1.6 Unarmed Combat
 + Level 1.2 Evocations


You had 12 spell levels left.
You didn't know any spells.
Your spell library contained the following spells:

 Spells                   Type           Power      Damage    Failure   Level
 Apportation              Tloc           0%         N/A       99%         1
 Freeze                   Ice            0%         1d3       99%         1
 Necrotise                Necr           0%         1d4       99%         1
 Summon Small Mammal      Summ           0%         N/A       99%         1
 Conjure Flame            Conj/Fire      0%         6-21      100%        3
 Frozen Ramparts          Ice            0%         1d1       100%        3
 Ignite Poison            Fire/Tmut/Pois 0%         N/A       100%        3
 Tukima's Dance           Hex            0%         N/A       100%        3
 Fulminant Prism          Conj/Hex       0%         3d6       100%        4
 Hailstorm                Conj/Ice       0%         3d3       100%        4
 Ice Form                 Ice/Tmut       0%         N/A       100%        4
 Iskenderun's Mystic Bla  Conj/Tloc      0%         2d3       100%        4
 Passage of Golubria      Tloc           0%         N/A       100%        4
 Sticky Flame             Conj/Fire      0%         2d3       100%        4
 Lee's Rapid Deconstruct  Erth           0%         3d5*      100%        5
 Yara's Violent Unravell  Hex/Tmut       0%         3d3       100%        5
 Dispersal                Tloc           0%         N/A       100%        6
 Simulacrum               Ice/Necr       0%         N/A       100%        6
 Disjunction              Tloc           0%         N/A       100%        8


Dungeon Overview and Level Annotations

Branches:
Dungeon (11/15)            Temple (0/1) D:5            Lair (4/5) D:11
  Swamp: Lair:2-3    Shoals: Lair:2-3     Snake: Lair:2-3    Spider: Lair:2-3
  Slime: Lair:4-5       Orc: D:9-12

Altars:
Ashenzari
Dithmenos
Elyvilon
Hepliaklqana
Makhleb
Nemelex Xobeh
Qazlal
Sif Muna
Uskayaw


Innate Abilities, Weirdness & Mutations

You have a pair of horns on your head.
You reflexively headbutt those who attack you in melee.
You are dopey. (Int -2)
Your magical capacity is very low. (-20% MP)


Message History

The komodo dragon barely misses you.
A dream sheep comes into view.
The death yak gores you!
* * * LOW HITPOINT WARNING * * *
The tyrant leech bites you but does no damage.
The 18-headed hydra bites you but does no damage.
The 18-headed hydra bites you.
* * * LOW HITPOINT WARNING * * *
The 18-headed hydra bites you but does no damage.
You block the 18-headed hydra's attack. The 18-headed hydra barely misses you.
The 18-headed hydra bites you but does no damage.
You block the 18-headed hydra's attack.
The 18-headed hydra bites you but does no damage. x2
The 18-headed hydra bites you!
* * * LOW HITPOINT WARNING * * *
The 18-headed hydra bites you!
* * * LOW HITPOINT WARNING * * *
You block the 18-headed hydra's attack.
The 18-headed hydra bites you but does no damage.
The 18-headed hydra barely misses you. x2
The 18-headed hydra bites you but does no damage.
The 18-headed hydra closely misses you.
The 18-headed hydra bites you but does no damage.
You are too injured to fight recklessly!
You feel much better. The komodo dragon bites you.
* * * LOW HITPOINT WARNING * * *
The death yak gores you!
* * * LOW HITPOINT WARNING * * *
The dream sheep ruffle their wool and motes of dream dust sparkle, to no effect.
The 18-headed hydra closely misses you. The 18-headed hydra bites you.
* * * LOW HITPOINT WARNING * * *
The 18-headed hydra bites you but does no damage. x2
The 18-headed hydra barely misses you.
The 18-headed hydra bites you but does no damage.
You block the 18-headed hydra's attack.
The 18-headed hydra bites you but does no damage. x2
The 18-headed hydra bites you!
* * * LOW HITPOINT WARNING * * *
The 18-headed hydra bites you.
You die...

#l.. #.####........#..#
..... #...#........P.#..
..... #...##[...........
.
......#...#.........P...
..
#.....#....#...........
.# #....<.....#........#
.. ##†YllY.......# .###
#Y.YDYlY......##....##
..Y.####@#.......>.......
.Y... ##w†..............
..... ...................
.....
.....................
....
.....................
....
........>............
.#.##..........[..... .#
.#......####.###.


You could see a death yak, a 18-headed hydra, a tyrant leech, a komodo dragon, 3
yaks, 2 basilisks and 2 dream sheep.

Vanquished Creatures
  A lich (Abyss:1)
  A tentacled starspawn (Abyss:1)
  A yellow draconian (Abyss:1)
  Snorg (D:10)
  A hydra (Lair:2)
  2 two-headed ogres
  2 death yaks (Lair:3)
  2 large abominations (Abyss:1)
  2 manticores (D:11)
  2 ugly things (D:11)
  6 elephants (Lair:1)
  A black mamba (Lair:1)
  Psyche (D:11)
  6 cane toads
  3 rime drakes
  4 komodo dragons
  A kobold demonologist (D:10)
  2 hornets
  A merfolk (D:11)
  4 trolls
  6 blink frogs
  4 culicivoras (Lair:3)
  A shadow (D:9)
  A hog (D:11)
  A basilisk (Lair:1)
  3 water elementals (D:11)
  6 wyverns (D:11)
  26 yaks
  A chaos spawn (Abyss:1)
  2 vampire mosquitoes (D:10)
  A neqoxec (Abyss:1)
  3 steam dragons
  A swamp worm (Lair:3)
  2 acid dragons
  A harpy simulacrum (Abyss:1)
  6 water moccasins
  5 ice beasts
  6 black bears (D:11)
  A small abomination (Abyss:1)
  8 orc warriors
  5 sky beasts
  19 centaurs
  A phantom (D:5)
  9 kobold brigands
  10 bullfrogs
  2 necrophages
  5 gnoll sergeants
  4 scorpions
  6 wights
  6 killer bees (D:9)
  A howler monkey (D:10)
  7 electric eels (D:11)
  3 jellies
  4 hounds
  9 orc priests
  4 iguanas
  10 orc wizards
  2 hell rats (Lair:1)
  9 gnolls
  9 adders
  6 river rats (Lair:1)
  A shadow imp (D:7)
  A white imp (D:6)
  2 ufetubi
  2 worms
  A dart slug (D:5)
  28 orcs
  6 endoplasms
  4 giant cockroaches
  6 goblins
  11 hobgoblins
  7 jackals
  48 kobolds
  4 quokkas
  9 ball pythons
  3 bats (D:1)
  4 frilled lizards
  9 rats
406 creatures vanquished.

Vanquished Creatures (others)
  An unseen horror (D:11)
  8 fungi
  58 plants
  2 starspawn tentacles (Abyss:1)
69 creatures vanquished.

Grand Total: 475 creatures vanquished

Notes
Turn   | Place    | Note
-------+----------+-------------------------------------------
     0 | D:1      | Iusername the Minotaur Fighter began the quest for the Orb.
     0 | D:1      | Reached XP level 1. HP: 19/19 MP: 0/0
   446 | D:1      | Reached XP level 2. HP: 27/27 MP: 1/1
   573 | D:1      | Reached skill level 3 in Axes
   737 | D:1      | Reached XP level 3. HP: 33/33 MP: 2/2
  1253 | D:2      | Reached skill level 1 in Dodging
  1767 | D:3      | Reached XP level 4. HP: 30/40 MP: 3/3
  2173 | D:3      | Reached skill level 4 in Axes
  2332 | D:3      | Found a hide-covered altar of Uskayaw.
  2332 | D:3      | Found a burning altar of Makhleb.
  2338 | D:3      | Became a worshipper of Makhleb the Destroyer
  2460 | D:3      | Identified a scroll of acquirement
  2460 | D:3      | Acquired a manual of Armour
  2776 | D:4      | Found a stormy altar of Qazlal.
  2776 | D:4      | Noticed a necrophage
  2785 | D:4      | Killed a necrophage
  2786 | D:4      | Reached skill level 5 in Armour
  2786 | D:4      | Reached XP level 5. HP: 42/47 MP: 2/4
  2807 | D:4      | Reached skill level 5 in Axes
  2946 | D:4      | Reached XP level 6. HP: 53/53 MP: 5/5
  2966 | D:4      | Identified the +6 hand axe of Rocofiuz {spect, *Noise Fly
                  | rPois SInv}
  3182 | D:4      | Reached * piety under Makhleb
  3352 | D:5      | Entered Level 5 of the Dungeon
  3395 | D:5      | Noticed a sky beast
  3404 | D:5      | Killed a sky beast
  3491 | D:5      | Noticed a water moccasin
  3494 | D:5      | Killed a water moccasin
  3647 | D:5      | Found a shadowy altar of Dithmenos.
  3651 | D:5      | Found a white marble altar of Elyvilon.
  3657 | D:5      | Found a stormy altar of Qazlal.
  3660 | D:5      | Found a sparkling altar of Nemelex Xobeh.
  3663 | D:5      | Found a shimmering blue altar of Sif Muna.
  3666 | D:5      | Reached skill level 6 in Axes
  3677 | D:5      | Found a hazy altar of Hepliaklqana.
  3712 | D:5      | Reached XP level 7. HP: 50/60 MP: 6/6
  3717 | D:5      | Reached skill level 5 in Fighting
  4488 | D:5      | Found a staircase to the Ecumenical Temple.
  5179 | D:6      | Reached skill level 7 in Axes
  5179 | D:6      | Reached skill level 10 in Armour
  5179 | D:6      | Reached XP level 8. HP: 35/69 MP: 3/7
  5734 | D:6      | Reached skill level 5 in Shields
  6459 | D:6      | Identified the +0 pair of gloves of Inquiry {Int+4}
  7218 | D:7      | Reached ** piety under Makhleb
  7402 | D:7      | Reached skill level 8 in Axes
  7411 | D:7      | Reached skill level 1 in Stealth
  7411 | D:7      | Reached XP level 9. HP: 75/75 MP: 8/8
  7711 | D:7      | Reached skill level 9 in Axes
  7711 | D:7      | Reached skill level 15 in Armour
  7784 | D:7      | Reached skill level 10 in Axes
  9099 | D:8      | Noticed a troll
  9103 | D:8      | Killed a troll
  9104 | D:8      | Reached XP level 10. HP: 78/84 MP: 7/9
  9121 | D:8      | Reached skill level 11 in Axes
  9725 | D:9      | Found a broken altar of Ashenzari.
  9772 | D:9      | Reached *** piety under Makhleb
  9945 | D:9      | Reached skill level 12 in Axes
 10449 | D:10     | Entered Level 10 of the Dungeon
 10991 | D:10     | Identified the +10 dagger "Neso" {vorpal, rElec MP+9 Dex-2}
 11081 | D:10     | Noticed a two-headed ogre
 11109 | D:10     | Killed a two-headed ogre
 11110 | D:10     | Reached skill level 13 in Axes
 11411 | D:10     | Noticed Snorg
 11426 | D:10     | Killed Snorg
 11427 | D:10     | Reached XP level 11. HP: 64/97 MP: 6/10
 12430 | D:11     | Found a staircase to the Lair.
 12799 | D:11     | Noticed a green ugly thing
 12815 | D:11     | Killed a green ugly thing
 12816 | D:11     | Reached skill level 14 in Axes
 12939 | D:11     | Noticed Psyche
 12953 | Abyss:1  | Cast into level 1 of the Abyss (Psyche)
 12954 | Abyss:1  | Found a corrupted altar of Lugonu.
 13096 | Abyss:1  | Noticed a large abomination
 13107 | Abyss:1  | Killed a large abomination
 13116 | Abyss:1  | Gained mutation: Your magical capacity is low. (-10% MP) [a
                  | neqoxec]
 13117 | Abyss:1  | Gained mutation: You are dopey. (Int -2) [a neqoxec]
 13118 | Abyss:1  | Gained mutation: Your magical capacity is very low. (-20%
                  | MP) [a neqoxec]
 13305 | Abyss:1  | Noticed a yellow draconian
 13307 | Abyss:1  | Noticed a lich
 13314 | Abyss:1  | Noticed a tentacled starspawn
 13320 | Abyss:1  | Reached **** piety under Makhleb
 13324 | Abyss:1  | Killed a yellow draconian
 13326 | Abyss:1  | Killed a lich
 13327 | Abyss:1  | Reached skill level 10 in Fighting
 13327 | Abyss:1  | Reached skill level 15 in Axes
 13331 | Abyss:1  | Killed a tentacled starspawn
 13338 | D:11     | Escaped the Abyss
 13343 | D:11     | Killed Psyche
 14029 | D:11     | Reached skill level 1 in Unarmed Combat
 14210 | D:11     | Found a hide-covered altar of Uskayaw.
 14221 | D:11     | Noticed a purple ugly thing
 14230 | D:11     | Killed a purple ugly thing
 14231 | D:11     | Reached XP level 12. HP: 95/108 MP: 8/8
 15005 | D:11     | Identified the +0 hat "Fegues" {Regen+ Str+4}
 15056 | D:11     | Noticed a two-headed ogre
 15068 | D:11     | Killed a two-headed ogre
 15192 | D:11     | Identified the +8 scimitar of the Crafting Sybil {freeze,
                  | rPois Int+2}
 15231 | D:11     | Reached ***** piety under Makhleb
 15309 | D:11     | Reached skill level 16 in Axes
 15736 | D:11     | Reached skill level 10 in Shields
 15941 | Lair:1   | Entered Level 1 of the Lair of Beasts
 16351 | Lair:1   | Reached skill level 1 in Evocations
 16969 | Lair:2   | Reached XP level 13. HP: 119/119 MP: 9/9
 17221 | Lair:2   | You are sucked into a shaft and drop 2 floors!
 17280 | Lair:3   | Reached skill level 5 in Stealth
 17305 | Lair:3   | HP: 6/122 [18-headed hydra (7)]
 17305 | Lair:3   | Slain by an 18-headed hydra

Illustrated notes

Levels and vault maps discovered:
D:1:      spicycebolla_arrival_ecumenical, layout_basic
D:2:      layout_loops_ring, hangedman_glass_teeth, minmay_misc_feat_plants
D:3:      layout_loops_corners, nicolae_overflow_two_pavilions
D:4:      layout_cave_pools, minmay_ruined_shrine
D:5:      layout_loops_corners, nicolae_overflow_hallway_of_the_gods,
          minmay_temple_entry_wispy, serial_bayou_lagoon_b
D:6:      cheibrodos_thug_alley, layout_basic
D:7:      minmay_recursive_quarters, layout_cave_pools, kennysheep_flooded_box,
          grunt_ministairs_3
D:8:      layout_loops_cross
D:9:      layout_roguey, nicolae_ashenzari_skybound, feat_on_display
D:10:     layout_basic, uniq_snorg
D:11:     kennysheep_town, serial_shops, uniq_psyche
Lair:1:   layout_loops_ring, kennysheep_rathole
Lair:2:   layout_regular_city, minmay_stone_trees_small
Lair:3:   layout_regular_city, minmay_swamp_entry_worms,
          hellmonk_spider_entry_life_and_decay, nzn_random_ring
Lair:4:   layout_hall_layers, gauntlet_entry_generic, patterned_corridor

Skill      XL: |  1  2  3  4  5  6  7  8  9 10 11 12 13 |
---------------+----------------------------------------+-----
Axes           | 3 4 5 6 7 8 10 13 15 16 | 16.7
Armour         | 4 5 7 10 13 15 | 15.0
Shields        | 4 5 7 8 11 | 11.8
Fighting       | 4 5 6 9 10 12 13 | 13.6
Dodging        | 1 2 3 |  3.9
Stealth        | 1 2 3 4 5 |  5.2
Unarmed Combat | 1 |  1.6
Evocations     | 1 |  1.2

Action                   |  1- 3 |  4- 6 |  7- 9 | 10-12 | 13-15 || total
-------------------------+-------+-------+-------+-------+-------++-------
Melee: War axe           |    88 |    76 |       |       |       ||   164
       Headbutt          |     5 |    12 |    39 |   110 |    25 ||   191
       Hand axe          |       |    22 |   196 |   443 |    64 ||   725
       Unarmed           |       |       |       |     5 |       ||     5
Evoke: Wand              |       |       |       |     4 |       ||     4
  Use: Scroll            |       |     1 |       |    10 |       ||    11
       Potion            |       |     1 |       |     9 |     4 ||    14
 Stab: Distracted        |       |       |     1 |     8 |     1 ||    10
Armor: Scale mail        |    44 |     8 |       |       |       ||    52
       Plate armour      |       |    44 |    99 |   168 |       ||   311
       Crystal plate arm |       |       |       |    80 |    70 ||   150
Dodge: Dodged            |    39 |    25 |    53 |   148 |    42 ||   307
Block: Buckler           |    18 |    16 |    31 |   133 |    24 ||   222
